 Dungeon Crawl Stone Soup version 0.18.1-48-g4cf74bf (webtiles) character file.

1227 septik the Chopper (level 8, -1/74 HPs)
             Began as a Deep Dwarf Fighter on July 21, 2016.
             Succumbed to a killer bee's poison
             ... on level 7 of the Dungeon.
             The game lasted 00:18:46 (3410 turns).

septik the Chopper (Deep Dwarf Fighter)             Turns: 3410, Time: 00:18:47

Health: -1/74      AC: 17    Str: 21    XL:     8   Next: 23%
Magic:  8/8        EV:  5    Int: 10    God:
Gold:   265        SH: 10    Dex: 12    Spells: 0 memorised, 7 levels left

rFire  . . .     SeeInvis .     F - +2 hand axe (flame)
rCold  . . .     Gourm    .     n - +0 chain mail
rNeg   + . .     Faith    .     c - +0 shield
rPois  .         Spirit   .     (no helmet)
rElec  .         Dismiss  .     E - +2 cloak
rCorr  .         Reflect  .     m - +0 pair of gloves
SustAt .         Harm     .     y - +1 pair of boots
MR     +....                    (no amulet)
Stlth  ..........               (no ring)
                                i - ring of positive energy

@: lethally poisoned (-1 -> -4), non-regenerating, somewhat resistant to hostile
enchantments, extremely unstealthy
A: damage resistance, recharge devices, sense surroundings 1, slow regeneration
3
a: Device Recharging


You were on level 7 of the Dungeon.
You were not hungry.

You visited 1 branch of the dungeon, and saw 8 of its levels.

You collected 265 gold pieces.

Inventory:

Hand Weapons
 a - a +2 hunting sling of velocity
 b - a +0 war axe
 F - a +2 hand axe of flaming (weapon)
Missiles
 h - 134 stones (quivered)
 l - 19 sling bullets
 s - 5 javelins
Armour
 c - a +0 shield (worn)
 m - a +0 pair of gloves (worn)
 n - a +0 chain mail (worn)
 t - a +0 helmet
 w - a +0 scale mail
 y - a +1 pair of boots (worn)
 E - a +2 cloak (worn)
Jewellery
 i - a ring of positive energy (left hand)
 u - an uncursed ring of protection from magic {unknown}
Wands
 e - a wand of heal wounds (2/9)
 B - a wand of acid (0/15)
 G - a wand of flame (19/48)
Scrolls
 j - 6 scrolls of identify
 p - a scroll of blinking
 q - 3 scrolls of remove curse
 v - 4 scrolls of teleportation
 z - a scroll of enchant armour
 H - 2 scrolls of immolation {unknown}
Potions
 d - a potion of might
 g - a potion of degeneration {unknown}
 o - 2 potions of lignification {unknown}
 r - a potion of resistance {unknown}
 A - a potion of magic {unknown}
 C - a potion of curing {unknown}
 D - a potion of experience {unknown}
 I - a potion of cancellation {unknown}
Comestibles
 f - 2 bread rations
 k - 3 beef jerkies
 x - 3 fruits


   Skills:
 + Level 5.0 Fighting
 * Level 7.8 Axes
 + Level 6.0 Armour
 - Level 4.4 Shields


You had 7 spell levels left.
You didn't know any spells.

Dungeon Overview and Level Annotations

Branches:
Dungeon (9/15)
 Temple: D:4-7         Lair: D:8-11         Orc: D:9-12

Altars:
Fedhas
Gozag
Xom

Annotations:
D:2 !sigmund and edmund, Sigmund, Terence


Innate Abilities, Weirdness & Mutations

You are resistant to damage.
You can recharge devices by infusing magical energy.
You passively map a small area around you.
You do not regenerate naturally.


Message History

The killer bee stings you.
* * * LOW HITPOINT WARNING * * *
Unknown command.
You closely miss the killer bee.
The killer bee is lightly wounded.
You feel very sick.
The killer bee stings you but does no damage.
The killer bee barely misses you.
The killer bee stings you but does no damage.
Unknown command.
You slash the killer bee! You burn the killer bee.
The killer bee is heavily wounded.
You feel sick. The killer bee stings you!
* * * LOW HITPOINT WARNING * * *
The killer bee stings you.
* * * LOW HITPOINT WARNING * * *
The killer bee barely misses you.
You slash the killer bee! You burn the killer bee.
You kill the killer bee!
You die...

#. * #.# ,*
#.# #* ,,
#.# .# ***
####.##.#
#.......* *
*
#.#..y####
,
#....y(@.#*
* *
#.....##.#*
#.>.#.# .#
*
#..###.#.#
,**** #...
##.. , ,
#..#.* ##
*#..### *
...# ,
#.... * *


You could see 2 killer bees.

Vanquished Creatures
  Menkaure (D:4)
  An orc warrior (D:4)
  11 killer bees
  A crimson imp (D:5)
  2 hounds
  3 orc priests
  Jessica (D:3)
  An orc wizard (D:3)
  Natasha (thrice) (D:3)
  2 worker ants
  A hound skeleton (D:8)
  5 adders
  2 oozes
  2 dart slugs (D:1)
  5 giant geckos
  17 orcs
  4 giant cockroaches
  6 goblins
  10 hobgoblins
  3 jackals (D:2)
  5 kobolds
  2 quokkas
  2 ball pythons
  A ball python skeleton (D:4)
  14 bats
  2 giant newts (D:1)
  8 rats
115 creatures vanquished.

Vanquished Creatures (others)
  2 fungi (D:3)
2 creatures vanquished.

Grand Total: 117 creatures vanquished

Notes
Turn   | Place    | Note
--------------------------------------------------------------
     0 | D:1      | septik the Deep Dwarf Fighter began the quest for the Orb.
     0 | D:1      | Reached XP level 1. HP: 20/20 MP: 1/1
   129 | D:1      | Reached XP level 2. HP: 21/27 MP: 2/2
   686 | D:1      | Reached XP level 3. HP: 24/34 MP: 3/3
   784 | D:1      | Reached skill level 3 in Axes
  1198 | D:2      | Noticed Terence
  1203 | D:2      | Noticed Sigmund
  1241 | D:3      | Reached XP level 4. HP: 26/42 MP: 4/4
  1291 | D:3      | Noticed Natasha
  1297 | D:3      | Killed Natasha
  1305 | D:3      | Noticed Natasha
  1308 | D:3      | Killed Natasha
  1308 | D:3      | Reached skill level 4 in Axes
  1381 | D:3      | Reached XP level 5. HP: 48/49 MP: 5/5
  1422 | D:3      | Noticed Natasha
  1425 | D:3      | Killed Natasha
  1761 | D:3      | Noticed Jessica
  1770 | D:3      | Killed Jessica
  1795 | D:3      | Found a blossoming altar of Fedhas.
  2041 | D:3      | Reached XP level 6. HP: 35/56 MP: 6/6
  2338 | D:4      | Reached skill level 5 in Axes
  2628 | D:4      | Noticed an orc warrior
  2652 | D:4      | Killed an orc warrior
  2743 | D:4      | Noticed Menkaure
  2754 | D:4      | Killed Menkaure
  2754 | D:4      | Reached skill level 6 in Axes
  2754 | D:4      | Reached skill level 5 in Armour
  2754 | D:4      | Reached XP level 7. HP: 59/64 MP: 7/7
  2938 | D:4      | Found a shimmering altar of Xom.
  2938 | D:4      | Found an opulent altar of Gozag.
  3156 | D:5      | Entered Level 5 of the Dungeon
  3220 | D:5      | You fall through a shaft for 3 floors!
  3336 | D:8      | Reached skill level 7 in Axes
  3369 | D:8      | Reached XP level 8. HP: 28/73 MP: 8/8
  3384 | D:8      | Reached skill level 5 in Fighting
  3388 | D:8      | Noticed a queen bee
  3405 | D:7      | HP: 3/74 [killer bee (2)]
  3409 | D:7      | HP: 1/74 [killer bee (1)]
  3410 | D:7      | Succumbed to a killer bee's poison

Skill      XL: |  1  2  3  4  5  6  7  8 |
---------------+-------------------------+-----
Fighting       | 3 4 5 |  5.0
Axes           | 3 4 6 7 |  7.8
Shields        | 4 |  4.4
Armour         | 4 5 6 |  6.0

Action                   |  1- 3 |  4- 6 |  7- 9 || total
-------------------------+-------+-------+-------++-------
Melee: War axe           |   164 |   182 |       ||   346
       Hand axe          |       |     4 |    98 ||   102
Throw: Stone             |    17 |    17 |       ||    34
Evoke: Wand              |       |     4 |     5 ||     9
  Use: Potion            |       |     1 |       ||     1
       Scroll            |       |     8 |       ||     8
  Eat: Chunk             |     1 |     6 |     2 ||     9
Armor: Scale mail        |    87 |    36 |       ||   123
       Chain mail        |       |    55 |   142 ||   197
Dodge: Dodged            |    65 |    41 |    49 ||   155
Block: Shield            |    85 |    95 |   127 ||   307
